 Dungeon Crawl Stone Soup version 0.29.0-4-gdea44cf6ec (webtiles) character file.

Game seed: 17412488441210590284

200 qw the Chopper (level 5, -3/30 HPs)
             Began as a Tengu Warper on Aug 28, 2022.
             Killed from afar by an orc wizard (7 damage)
             ... with a puff of flame
             ... on level 4 of the Dungeon.
             The game lasted 00:00:15 (2631 turns).

qw the Chopper (Tengu Warper)                       Turns: 2631, Time: 00:00:16

Health: -3/30      AC:  6    Str: 13    XL:     5   Next: 79%
Magic:  18/18      EV: 11    Int: 13    God:
Gold:   169        SH:  5    Dex: 14    Spells: 8/8 levels left

rFire   . . .      SeeInvis .   Y - +2 war axe (elec)
rCold   + + .      Faith    .   (no shield)
rNeg    . . .      Spirit   .   d - +0 scale mail
rPois   .          Reflect  +   (helmet restricted)
rElec   .          Harm     .   (no cloak)
rCorr   .          Rampage  .   (no gloves)
Will    .....                   (boots unavailable)
Stlth   ..........              b - amulet "Funneo" {Reflect rC++ MP+9 SH+5}
HPRegen 0.10/turn               c - +4 ring of slaying {mikee}
MPRegen 0.16/turn               (no ring)

@: lethally poisoned (-3 -> -15), flying quickly and evasively, quick
A: beak, talons 3, nimble flight
a: no special abilities


You were on level 4 of the Dungeon.
You visited 1 branch of the dungeon, and saw 4 of its levels.

You collected 169 gold pieces.


Innate Abilities, Weirdness & Mutations

You have a beak for a mouth.
You have claws for feet.
Your magical nature lets you fly swiftly and evasively.


   Skills:
 - Level 2.0 Fighting
 + Level 6.4 Axes
 - Level 1.0 Throwing
 - Level 1.1 Armour
 - Level 2.1 Dodging
 - Level 2.0 Spellcasting
 - Level 2.4 Translocations


You had 8 spell levels left.
You didn't know any spells.
Your spell library contained the following spells:

 Spells                   Type           Power      Damage    Failure   Level
 Blink                    Tloc           14%        N/A       56%         2
 Gell's Gravitas          Tloc           7%         N/A       80%         3
 Lesser Beckoning         Tloc           7%         N/A       80%         3
 Teleport Other           Tloc           7%         N/A       80%         3
 Manifold Assault         Tloc           7%         N/A       100%        5

Inventory:

Hand Weapons
 g - a +0 club
 Y - a +2 war axe of electrocution (weapon)
Armour
 d - a +0 scale mail (worn)
Jewellery
 b - the amulet "Funneo" (around neck) {Reflect rC++ MP+9 SH+5}
   (You acquired it on level 3 of the Dungeon)

   [amulet of reflection]

   It reflects blocked missile attacks.
   rC:        It greatly protects you from cold.
   MP:        It affects your magic capacity (+9).
   SH:        It affects your SH (+5).
 c - a +4 ring of slaying (left hand) {mikee}
Scrolls
 j - a scroll of identify
Potions
 f - a potion of cancellation {unknown}
 i - a potion of might {unknown}
 o - a potion of mutation {unknown}
 q - a potion of haste
 s - a potion of resistance {unknown}

Dungeon Overview and Level Annotations

Branches:
Dungeon (4/15)
 Temple: D:4-7

Altars:
Sif Muna


Message History

Something hits you.
You hit the hobgoblin.
The hobgoblin is heavily wounded.
You slash something! You completely miss the goblin. Something hits you.
You are poisoned.
The hobgoblin hits you but does no damage.
The goblin barely misses you.
You hear some strange, mumbled words.
A magic dart appears from out of thin air!
The magic dart hits you! The hobgoblin hits you.
The goblin hits you with a +0 club.
2627 ||| DRINKING potion of heal wounds.
You feel much better.
You feel very sick.
You hear some strange, mumbled words.
A magic dart appears from out of thin air!
The magic dart hits you. The goblin barely misses you.
The hobgoblin closely misses you.
You hit the hobgoblin.
The hobgoblin is severely wounded.
You miss something. You closely miss the goblin.
You feel sick. You block something's attack. The hobgoblin barely misses you.
The goblin barely misses you.
You slash the hobgoblin!
You kill the hobgoblin!
You hit the goblin.
You kill the goblin!
You hit something but do no damage.
You feel sick. Something hits you but does no damage.
You are lethally poisoned!
You hit something. Your kick misses something.
You feel sick. Something hits you but does no damage.
You are more poisoned.
You miss something. Your kick misses something.
You feel very sick.
You hear some strange, mumbled words.
A puff of flame appears from out of thin air!
The puff of flame hits you!
You die...

.##..... #.....
##.#.....# # ......
#........##.. .....
#..#......... .# #...
#..#...........
...#...##..#..#.#.# ...
..........##...?..#..>.
......))#....).##.#...
......{@)..#.#.....#
.###..))#.##......## .
.......####........#....
......# #.....<...#
....## #..............
.... ........##......
..# ........## #..... .#
......#.# .....
........# #...


There were no monsters in sight!

Vanquished Creatures
  An orc priest (D:4)
  Natasha (D:3)
  3 orc wizards (D:4)
  An adder (D:2)
  A worm (D:2)
  A dart slug (D:3)
  6 orcs
  7 bats
  2 endoplasms
  4 giant cockroaches
  5 goblins
  3 hobgoblins
  2 jackals (D:2)
  A quokka (D:2)
  4 ball pythons
  3 frilled lizards
  4 kobolds
  7 rats
56 creatures vanquished.

Notes
Turn   | Place    | Note
-------+----------+-------------------------------------------
     0 | D:1      | qw the Tengu Warper began the quest for the Orb.
     0 | D:1      | Reached XP level 1. HP: 12/12 MP: 4/4
     0 | D:1      | 0 ||| qw: Version: 0.1-a-89-g26bdef1
     0 | D:1      | 0 ||| qw: Game counter: 670
     0 | D:1      | 0 ||| qw: Always use a shield: true
     0 | D:1      | 0 ||| qw: God list: Okawaru
     0 | D:1      | 0 ||| qw: Allow faded altars: false
     0 | D:1      | 0 ||| qw: Do Orc after D:15 true
     0 | D:1      | 0 ||| qw: Do second Lair branch before Depths: true
     0 | D:1      | 0 ||| qw: Lair rune preference: random
     0 | D:1      | 0 ||| qw: Plans: Normal
     0 | D:1      | 0 ||| PLANNING D:1-11
    77 | D:1      | 77 ||| Stepping ~*~*~tactically~*~*~ (stealth).
    80 | D:1      | 80 ||| Stepping ~*~*~tactically~*~*~ (stealth).
    86 | D:1      | 86 ||| Stepping ~*~*~tactically~*~*~ (stealth).
    90 | D:1      | 90 ||| Stepping ~*~*~tactically~*~*~ (stealth).
    96 | D:1      | Reached XP level 2. HP: 17/17 MP: 6/6
    98 | D:1      | Reached skill level 3 in Axes
   141 | D:1      | 141 ||| Stepping ~*~*~tactically~*~*~ (stealth).
   280 | D:1      | Found a faded altar of an unknown god.
   563 | D:1      | 563 ||| UPGRADING to +0 scale mail.
   573 | D:1      | 573 ||| DROPPING +0 leather armour.
   574 | D:1      | 574 ||| READING scroll labelled CILAXO JIGUG.
   575 | D:1      | 575 ||| READING scroll labelled PIAS OREAVVIRGH.
   576 | D:1      | 576 ||| READING scroll labelled BEFREN TAEDA.
   577 | D:1      | 577 ||| READING scroll labelled MIMMEH DIV.
   578 | D:1      | 578 ||| READING 2 scrolls labelled MAD ZOMOINEPSE.
   582 | D:1      | 582 ||| DROPPING scroll of blinking.
   847 | D:2      | Reached XP level 3. HP: 21/21 MP: 7/7
   852 | D:2      | 852 ||| Stepping ~*~*~tactically~*~*~ (stealth).
   918 | D:2      | Reached skill level 4 in Axes
   942 | D:2      | 942 ||| SWAPPING to +2 war axe of electrocution.
   943 | D:2      | 943 ||| DROPPING +0 hand axe.
  1177 | D:2      | 1177 ||| UPGRADING to +4 ring of slaying {mikee}.
  1178 | D:2      | 1178 ||| READING 3 scrolls labelled POESYM ELIP IDIT.
  1179 | D:2      | 1179 ||| DRINKING 2 glowing cyan potions.
  1180 | D:2      | 1180 ||| DROPPING 2 scrolls of fear.
  1336 | D:3      | 1336 ||| Stepping ~*~*~tactically~*~*~ (hiding).
  1663 | D:3      | Found a shimmering blue altar of Sif Muna.
  1778 | D:3      | 1778 ||| DRINKING 2 potions of curing.
  1778 | D:3      | 1778 ||| (to cure poison)
  1808 | D:3      | Reached XP level 4. HP: 26/26 MP: 8/8
  1810 | D:3      | Noticed Natasha
  1811 | D:3      | 1811 ||| Stepping ~*~*~tactically~*~*~ (hiding).
  1813 | D:3      | 1813 ||| Stepping ~*~*~tactically~*~*~ (hiding).
  1814 | D:3      | 1814 ||| Stepping ~*~*~tactically~*~*~ (hiding).
  1818 | D:3      | Killed Natasha
  1819 | D:3      | Reached skill level 5 in Axes
  2399 | D:3      | 2399 ||| DROPPING ring of wizardry.
  2400 | D:3      | 2400 ||| READING scroll labelled HAP IGRAIGOIW.
  2400 | D:3      | Identified a scroll of acquirement
  2400 | D:3      | 2400 ||| ACQUIRING amulet "Funneo" {Reflect rC++ MP+9 SH+5}
  2400 | D:3      | Acquired the amulet "Funneo" {Reflect rC++ MP+9 SH+5}
  2402 | D:3      | 2402 ||| UPGRADING to amulet "Funneo" {Reflect rC++ MP+9
                  | SH+5}.
  2467 | D:3      | 2467 ||| READING scroll labelled NEUNYGA QAOS.
  2568 | D:3      | 2568 ||| READING scroll labelled VESEUN TEZI.
  2569 | D:3      | 2569 ||| DRINKING 2 blue potions.
  2570 | D:3      | 2570 ||| DRINKING 2 green potions.
  2571 | D:3      | 2571 ||| DRINKING 2 coppery potions.
  2572 | D:3      | 2572 ||| READING 2 scrolls of identify.
  2572 | D:3      | 2572 ||| IDENTIFYING amethyst potion
  2573 | D:3      | 2573 ||| DROPPING potion of degeneration.
  2574 | D:3      | 2574 ||| DROPPING potion of invisibility.
  2575 | D:3      | 2575 ||| DROPPING potion of attraction.
  2576 | D:3      | 2576 ||| READING scroll of teleportation.
  2608 | D:4      | Identified the +3 trident of Cad Deok {protect, rC+}
  2613 | D:4      | 2613 ||| Stepping ~*~*~tactically~*~*~ (hiding).
  2619 | D:4      | Gained mutation: Your magical nature lets you fly swiftly
                  | and evasively. [Tengu growth]
  2619 | D:4      | Reached XP level 5. HP: 26/30 MP: 9/9
  2625 | D:4      | Reached skill level 6 in Axes
  2625 | D:4      | 2625 ||| DRINKING potion of curing.
  2625 | D:4      | 2625 ||| (to cure confusion)
  2626 | D:4      | HP: 6/30 [something/magic dart (8)]
  2626 | D:4      | HP: 2/30 [goblin/+0 club (2)]
  2627 | D:4      | 2627 ||| DRINKING potion of heal wounds.
  2631 | D:4      | HP: 4/30 [poisoned by an orc wizard]
  2631 | D:4      | Killed from afar by an orc wizard

Levels and vault maps discovered:
D:1:      dpeg_arrival_erosion, layout_rooms,
          shapermc_ecumenical_altar_mp_vishouse
D:2:      layout_basic
D:3:      layout_basic, nicolae_sif_muna_little_library, uniq_natasha
D:4:      layout_cave_pools, mainiacjoe_overflow_tiny_flanked

Skill      XL: |  1  2  3  4  5 |
---------------+----------------+-----
Axes           | 3 4 5 6 |  6.4
Fighting       | |  2.0
Throwing       | |  1.0
Armour         | |  1.1
Dodging        | |  2.1
Spellcasting   | |  2.0
Translocations | |  2.4

Action                   |  1- 3 |  4- 6 || total
-------------------------+-------+-------++-------
Melee: Hand axe          |    57 |       ||    57
       Peck              |    11 |       ||    11
       Kick              |    13 |     3 ||    16
       War axe           |    15 |    16 ||    31
       Punch             |     2 |       ||     2
Throw: Boomerang         |     7 |       ||     7
  Use: Scroll            |     6 |     5 ||    11
       Potion            |     2 |     5 ||     7
Armor: Scale mail        |    18 |    15 ||    33
       Leather armour    |     1 |       ||     1
Dodge: Dodged            |    21 |     7 ||    28
Block: Other             |       |     2 ||     2

Table legend:
 A = Non-vault XP
 B = Vault XP
 C = Vault XP percentage of total XP
 D = Non-vault monster count
 E = Vault monster count
 F = Vault count percentage of total count
                 A         B        C        D         E       F
            +---------+---------+-------+---------+---------+-------
      Total |     250 |      37 |  12.9 |      55 |       1 |   1.8
            +---------+---------+-------+---------+---------+-------
        D:1 |      24 |       0 |   0.0 |      16 |       0 |   0.0
        D:2 |      38 |       0 |   0.0 |      15 |       0 |   0.0
        D:3 |      21 |      37 |  63.8 |      13 |       1 |   7.1
        D:4 |     167 |       0 |   0.0 |      11 |       0 |   0.0
            +---------+---------+-------+---------+---------+-------
